 Dungeon Crawl Stone Soup version 0.30-a0-920-g7493c07aab (webtiles) character file.

Game seed: 208373016583876137

155 BlueFish the Sneak (level 5, -2/34 HPs)
             Began as an Octopode Transmuter on Mar 21, 2023.
             Slain by an orc
             ... wielding a +0 flail
              (6 damage)
             ... on level 4 of the Dungeon.
             The game lasted 00:04:09 (2458 turns).

BlueFish the Sneak (Octopode Transmuter)            Turns: 2458, Time: 00:04:10

Health: -2/34      AC:  1    Str: 11    XL:     5   Next: 37%
Magic:  6/8        EV: 13    Int: 15    God:
Gold:   57         SH:  0    Dex: 13    Spells: 3/9 levels left

rFire   . . .      SeeInvis .      - Unarmed
rCold   . . .      Faith    .    (no shield)
rNeg    . . .      Spirit   .    (helmet currently unavailable)
rPois   .          Reflect  .    (no amulet)
rElec   .          Rampage  .    (no ring)
rCorr   .                        (no ring)
Will    .....                    (no ring)
Stlth   +++                      (no ring)
HPRegen 0.25/turn                (no ring)
MPRegen 0.11/turn                (no ring)
                                 (no ring)
                                 (no ring)

@: appendages (expiring)
A: tentacle spike 3, almost no armour, amphibious, 8 rings, camouflage 1,
gelatinous body 1, (nimble swimmer 1), tentacles
a: End Transformation


You were on level 4 of the Dungeon.
One of your tentacles had grown a beastly spike.
You visited 1 branch of the dungeon, and saw 4 of its levels.

You collected 93 gold pieces.
You spent 36 gold pieces at shops.

Inventory:

Missiles
 d - 3 poisoned darts
Scrolls
 e - a scroll of torment {unknown}
 f - a scroll of teleportation {unknown}
 j - a scroll of enchant armour
 k - a scroll of vulnerability {unknown}
 l - a scroll of enchant weapon {unknown}
Potions
 a - a potion of lignification
 b - a potion of haste
 c - 2 potions of attraction {unknown}
 g - 6 potions of curing
 h - 4 potions of heal wounds
 i - a potion of berserk rage {unknown}
 m - a potion of cancellation {unknown}


   Skills:
 + Level 1.9 Fighting
 + Level 2.5 Dodging
 * Level 3.4 Stealth
 + Level 3.3 Unarmed Combat
 + Level 2.5 Spellcasting
 + Level 2.6 Transmutations
 * Level 1.8 Poison Magic


You had 3 spell levels left.
You knew the following spells:

 Your Spells              Type           Power      Damage    Failure   Level
a - Beastly Appendage     Tmut           18%        N/A       7%          1
b - Wereblood             Tmut           9%         N/A       11%         2
c - Spider Form           Tmut/Pois      8%         N/A       26%         3

Your spell library contained the following spells:

 Spells                   Type           Power      Damage    Failure   Level
 Inner Flame              Hex/Fire       1%         N/A       54%         3
 Ice Form                 Ice/Tmut       5%         N/A       77%         4
 Cause Fear               Hex            0%         N/A       91%         4
 Discord                  Hex            0%         N/A       100%        8


Dungeon Overview and Level Annotations

Branches:
Dungeon (4/15)
 Temple: D:4-7

Altars:
Zin

Shops:
D:3 :=!?*


Innate Abilities, Weirdness & Mutations

One of your tentacles has grown a beastly spike.
You cannot wear most types of armour.
You are amphibious.
You can wear up to eight rings at the same time.
Your skin changes colour to match your surroundings (Stealth+).
Your rubbery body absorbs attacks. (AC +1, EV +1)
((You are camouflaged when in or above water. (Stealth+)))
You have tentacles for arms and can constrict up to eight enemies at once.


Message History

Your tentacle spike misses the orc.
The orc is lightly wounded.
The orc misses you. The orc barely misses you.
You tentacle-slap the orc. Your grab misses the orc. You squeeze the orc.
You kill the orc!
The orc misses you.
An orc wizard comes into view. It is wielding a +0 dagger.
You closely miss the orc. Your grab misses the orc.
Your tentacle spike misses the orc.
You squeeze the orc, but do no damage. The orc closely misses you.
The orc hits you with a +0 club.
You tentacle-slap the orc. You grab the orc.
You pierce the orc.
You kill the orc!
The hound bites you. The orc barely misses you.
You tentacle-slap the hound. Your grab misses the hound.
The hound is lightly wounded.
The hound misses you. The orc hits you with a +0 flail. The hound bites you.
You tentacle-slap the hound. Your grab misses the hound.
You pierce the hound.
The hound is severely wounded.
The hound misses you. The orc closely misses you.
You tentacle-slap the hound. Your grab misses the hound.
Your tentacle spike misses the hound.
The hound is almost dead.
Your transformation is almost over.
The hound bites you.
The orc wizard hits you with a +0 dagger.
The orc misses you.
Your magical contamination has completely faded away.
You tentacle-slap the hound.
You kill the hound!
The orc wizard gestures at you while chanting.
The puff of flame hits you!
* * * LOW HITPOINT WARNING * * *
The orc misses you.
You tentacle-slap the orc wizard. Your grab misses the orc wizard.
Your tentacle spike misses the orc wizard.
The orc wizard is moderately wounded.
The orc wizard hits you with a +0 dagger.
* * * LOW HITPOINT WARNING * * *
The orc hits you with a +0 flail.
You die...

.. #. ## ......##.#..
.#.###. . .........#.
........ #...........
........
....?.......###.....#
.........#..#......##
.. ...# #.........#
#.##.###.........#
#.o@.............#
#..o).............#
........##......[....#
........##...>#.#.####
........##.....####
.?....##....#..#
#..... #.#..#..#
#...#. #.##.#..#
.##.##..#####


You could see an orc wizard and an orc.

Vanquished Creatures
  A hound (D:4)
  4 adders
  A worm (D:2)
  A dart slug (D:1)
  8 orcs
  10 ball pythons
  8 bats
  4 endoplasms
  4 giant cockroaches
  3 goblins
  6 hobgoblins
  3 jackals (D:2)
  4 quokkas
  2 frilled lizards
  4 kobolds (D:2)
  6 rats
69 creatures vanquished.

Notes
Turn   | Place    | Note
-------+----------+-------------------------------------------
     0 | D:1      | BlueFish the Octopode Transmuter began the quest for the
                  | Orb.
     0 | D:1      | Reached XP level 1. HP: 13/13 MP: 3/3
   179 | D:1      | Reached skill level 1 in Stealth
   254 | D:1      | Reached XP level 2. HP: 14/18 MP: 5/5
   471 | D:1      | Reached XP level 3. HP: 18/23 MP: 6/6
   661 | D:1      | Learned a level 2 spell: Wereblood
   665 | D:1      | Learned a level 3 spell: Spider Form
  1217 | D:2      | Reached XP level 4. HP: 24/28 MP: 7/7
  1420 | D:2      | Reached skill level 1 in Poison Magic
  1815 | D:3      | Found Pack's Jewellery Shop.
  1847 | D:3      | Found a glowing silver altar of Zin.
  1921 | D:3      | Found Xyoliref's Book Boutique.
  2013 | D:3      | Reached XP level 5. HP: 34/34 MP: 6/8
  2069 | D:3      | Found Gaugeipi's Distillery.
  2077 | D:3      | Bought a potion of curing for 36 gold pieces
  2292 | D:3      | Found Hiniafu's General Store.
  2305 | D:3      | Found Toesyh's Magic Scroll Shop.
  2458 | D:4      | Slain by an orc

Illustrated notes

Levels and vault maps discovered:
D:1:      shiori_shiawase, layout_basic
D:2:      layout_basic, serial_glass, glass_columns_a, glass_columns_c,
          glass_columns_c
D:3:      layout_rooms, mainiacjoe_overflow_catwalk, serial_shops,
          nicolae_shop_competitors_out_of_business, nicolae_shop_trees,
          nicolae_shop_statue_plus, nicolae_shop_stone, shop_fountains,
          kennysheep_minor_cross
D:4:      layout_layer_cave, nicolae_ru_awakened_eye, uniq_eustachio

Skill      XL: |  1  2  3  4 |
---------------+-------------+-----
Stealth        | 1 2 3 |  3.4
Poison Magic   | 1 |  1.8
Fighting       | |  1.9
Dodging        | |  2.5
Unarmed Combat | |  3.3
Spellcasting   | |  2.5
Transmutations | |  2.6

Action                     |  1- 3 |  4- 6 || total
---------------------------+-------+-------++-------
  Melee: Unarmed           |    89 |    56 ||   145
         Constrict         |    24 |    18 ||    42
         Tentacles         |    14 |    13 ||    27
         Punch             |     1 |       ||     1
         Kick              |     5 |    10 ||    15
   Cast: Beastly Appendage |     2 |     5 ||     7
         Wereblood         |       |     2 ||     2
    Use: Potion            |     2 |       ||     2
         Scroll            |       |     1 ||     1
   Stab: Sleeping          |    15 |     7 ||    22
 Armour: Skin              |    14 |     3 ||    17
  Dodge: Dodged            |    53 |    31 ||    84

Table legend: (Time is in decaauts)
 A = Elapsed time spent in this place.
 B = Non-inter-level travel time spent in this place.
 C = Inter-level travel time spent in this place.
 D = Time resting spent in this place.
 E = Time spent auto-exploring this place.
 F = Levels seen in this place.
 G = Mean time per level.
                   A        B        C        D        E       F      G
               +--------+--------+--------+--------+--------+-----+--------+
         Total |   2429 |   2355 |     74 |      0 |   1914 |   4 |  607.2 |
       Dungeon |   2429 |   2355 |     74 |      0 |   1914 |   4 |  607.2 |
               +--------+--------+--------+--------+--------+-----+--------+

Top non-repeatable levels by time:
     D:2: 941 daAuts
     D:1: 829 daAuts
     D:3: 608 daAuts
     D:4: 50 daAuts
